 Seeded DCSS version 0.29.1-1-gd02db6906a (webtiles) character file.

Game seed: 9904626538756200321 (custom seed)

36 GigaChad the Shield-Bearer (level 3, 0/33 HPs)
             Began as a Minotaur Fighter on Sept 19, 2022.
             Slain by a white imp (3 damage)
             ... summoned by Natasha
             ... on level 2 of the Dungeon.
             The game lasted 00:02:42 (1289 turns).

GigaChad the Shield-Bearer (Minotaur Fighter)       Turns: 1289, Time: 00:02:43

Health: 0/33       AC:  7    Str: 22    XL:     3   Next: 19%
Magic:  2/2        EV: 13    Int: 11    God:
Gold:   34         SH:  4    Dex:  9    Spells: 2/2 levels left

rFire   . . .      SeeInvis .   a - +0 long sword
rCold   . . .      Faith    .   c - +0 buckler
rNeg    . . .      Spirit   .   b - +0 scale mail
rPois   .          Reflect  .   (helmet restricted)
rElec   .          Harm     .   (no cloak)
rCorr   .          Rampage  .   (no gloves)
Will    .....                   (no boots)
Stlth   ..........              (no amulet)
HPRegen 0.11/turn               j - +6 ring of intelligence
MPRegen 0.08/turn               i - +4 ring of evasion

@: no status effects
A: horns 2, retaliatory headbutt
a: no special abilities


You were on level 2 of the Dungeon.
You visited 1 branch of the dungeon, and saw 2 of its levels.

You collected 34 gold pieces.

Inventory:

Hand Weapons
 a - a +0 long sword (weapon)
Armour
 b - a +0 scale mail (worn)
 c - a +0 buckler (worn)
Jewellery
 i - a +4 ring of evasion (right hand)
 j - a +6 ring of intelligence (left hand)
Scrolls
 e - a scroll of enchant weapon {unknown}
 f - a scroll of noise {unknown}
 h - a scroll of teleportation {unknown}
 l - a scroll of identify {unknown}
Potions
 d - a potion of might
 g - a potion of flight {unknown}
 k - a potion of magic {unknown}
 m - 2 potions of curing {unknown}


   Skills:
 - Level 4.0 Fighting
 - Level 2.5 Long Blades
 - Level 4.0 Armour
 + Level 1.6 Dodging
 - Level 4.1 Shields


You had 2 spell levels left.
You didn't know any spells.
Your spell library was empty.

Dungeon Overview and Level Annotations

Branches:
Dungeon (2/15)

Altars:

Annotations:
D:2 Natasha


Innate Abilities, Weirdness & Mutations

You have a pair of horns on your head.
You reflexively headbutt those who attack you in melee.


Message History

The bat hits you but does no damage.
You barely miss the worm. The bat hits you but does no damage.
You block the white imp's attack. You block the worm's attack.
You hit the worm.
The worm is moderately wounded.
The bat closely misses you. You furiously retaliate!
You headbutt the bat!
You kill the bat!
The white imp hits you but does no damage.
The worm bites you but does no damage.
You hit the worm but do no damage.
The worm is lightly wounded.
The crimson imp barely misses you.
You slash the worm! You headbutt the worm.
The worm is almost dead.
The shadow imp disappears in a puff of smoke!
The worm barely misses you.
The crimson imp blinks!
Natasha extends her claws.
You hit the worm.
The worm is almost dead.
The white imp hits you. The white imp freezes you. Natasha barely misses you.
You furiously retaliate!
You headbutt Natasha. The worm closely misses you.
The white imp gestures at you. The puff of frost misses you.
You slash the worm!
You kill the worm!
Natasha claws you. The white imp hits you. The white imp freezes you.
Natasha claws you!
* * * LOW HITPOINT WARNING * * *
You block the white imp's attack. The crimson imp barely misses you.
You block Natasha's attack.
You barely miss the crimson imp. The white imp gestures at you.
The puff of frost hits you.
* * * LOW HITPOINT WARNING * * *
The crimson imp blinks!
Natasha claws you but does no damage.
You closely miss Natasha.
Natasha is moderately wounded.
The white imp barely misses you. Natasha completely misses you.
The white imp hits you.
You die...

......######...
...........#... ..#
............... ...
#####......#... ..## #
#......# ...# # #......#
...# # #......# ...# #
##......######...#...
................@ยง......
...............5h.......
.....................#5.
####.....##..........# #
#.....##..........# #
#.....##..........#
#[.....#..........# #####
............


You could see Natasha, a crimson imp (summoned) and a white imp (summoned).

Vanquished Creatures
  A worm (D:2)
  5 ball pythons (D:1)
  5 endoplasms
  2 giant cockroaches (D:1)
  4 goblins
  A hobgoblin (D:1)
  2 quokkas (D:1)
  3 bats
  2 frilled lizards
  A kobold (D:1)
  5 rats (D:1)
31 creatures vanquished.

Notes
Turn   | Place    | Note
-------+----------+-------------------------------------------
     0 | D:1      | GigaChad the Minotaur Fighter began the quest for the Orb.
     0 | D:1      | Reached XP level 1. HP: 19/19 MP: 0/0
   305 | D:1      | Reached XP level 2. HP: 22/27 MP: 1/1
   686 | D:1      | Found a faded altar of an unknown god.
  1059 | D:1      | Reached skill level 1 in Dodging
  1263 | D:2      | Reached XP level 3. HP: 27/33 MP: 2/2
  1275 | D:2      | Noticed Natasha
  1289 | D:2      | Slain by a white imp

Illustrated notes

Levels and vault maps discovered:
D:1:      arrival_zaba_pyramid, layout_basic, nicolae_ecumenical_lake_church
D:2:      layout_basic, uniq_natasha

Skill      XL: |  1  2 |
---------------+-------+-----
Shields        | 4 |  4.1
Fighting       | 4 |  4.0
Armour         | 4 |  4.0
Dodging        | 1 |  1.6
Long Blades    | |  2.5

Action                   || total
-------------------------++-------
Melee: Long sword        ||    57
       Headbutt          ||     3
  Use: Scroll            ||     1
Armor: Scale mail        ||    34
Dodge: Dodged            ||    44
Block: Buckler           ||    17
